 Dungeon Crawl Stone Soup version 0.30.0-13-g156ef70053 (webtiles) character file.

Game seed: 1982605119220871071

637 ProzacElf the Sneak (level 7, -11/50 HPs)
             Began as a Demonspawn Wanderer on May 18, 2023.
             Mangled by an ogre
             ... wielding a +0 giant club
              (24 damage)
             ... on level 5 of the Dungeon.
             The game lasted 00:09:08 (3713 turns).

ProzacElf the Sneak (Demonspawn Wanderer)           Turns: 3713, Time: 00:09:09

Health: -11/50     AC:  9    Str: 10    XL:     7   Next: 25%
Magic:  13/13      EV: 10    Int: 17    God:
Gold:   229        SH:  0    Dex: 16    Spells: 9/14 levels left

rFire   . . .        b - +4 flail (freeze)
rCold   + + .        (no shield)
rNeg    . . .        v - +1 ring mail "Malew" {Regen+ Int+3}
rPois   .            (no helmet)
rElec   .            (no cloak)
rCorr   .            g - +0 pair of gloves
SInv    .            (no boots)
Will    .....        (no amulet)
Stlth   ++           d - ring of protection from cold
HPRegen 2.08/turn    z - ring of protection from cold
MPRegen 0.13/turn

%: no passive effects
@: no status effects
A: hooves 2, icy blue scales 1, powered by death 1
a: no special abilities


You were on level 5 of the Dungeon.
You visited 1 branch of the dungeon, and saw 5 of its levels.

You collected 229 gold pieces.

Inventory:

Hand Weapons
 a - a +2 dagger of venom
 b - a +4 flail of freezing (weapon)
 s - a +1 quarterstaff
 y - a +0 trident
 E - a +4 dagger of distortion
Missiles
 l - 4 boomerangs
Armour
 c - a +0 robe
 g - a +0 pair of gloves (worn)
 i - a +0 leather armour
 r - an orb of guile
 v - the +1 ring mail "Malew" (worn) {Regen+ Int+3}
   (You found it on level 3 of the Dungeon)

   Int:       It affects your intelligence (+3).
   Regen:     It increases your rate of health regeneration.
Jewellery
 d - a ring of protection from cold (left hand)
 z - a ring of protection from cold (right hand)
Wands
 D - a wand of flame (25)
 F - a wand of light (5)
Scrolls
 e - a scroll of amnesia
 f - a scroll of enchant weapon
 j - a scroll of poison {unknown}
 k - 3 scrolls of teleportation
 m - a scroll of blinking
 p - a scroll of fear {unknown}
 q - a scroll of noise {unknown}
 x - a scroll of silence {unknown}
 A - a scroll of fog {unknown}
 B - a scroll of identify {unknown}
Potions
 h - 2 potions of degeneration {unknown}
 n - 2 potions of might {unknown}
 o - 4 potions of curing {unknown}
 t - a potion of haste {unknown}
 u - a potion of magic {unknown}
 w - 2 potions of heal wounds {unknown}
 C - a potion of berserk rage {unknown}
 G - a potion of attraction {unknown}


   Skills:
 - Level 2.0 Fighting
 + Level 2.8(3.2) Maces & Flails
 - Level 3.5(3.9) Polearms
 - Level 2.3(3.8) Staves
 - Level 1.0 Armour
 + Level 1.2 Dodging
 - Level 5.0 Stealth
 - Level 4.0 Spellcasting


You had 9 spell levels left.
You knew the following spells:

 Your Spells              Type           Power      Damage    Failure   Level
a - Necrotise             Necr           12%        1d4       36%         1
b - Searing Ray           Conj           6%         2d4       52%         2
o - Blink                 Tloc           6%         N/A       52%         2

Your spell library contained the following spells:

 Spells                   Type           Power      Damage    Failure   Level
 Beastly Appendage        Tmut           6%         N/A       36%         1
 Lesser Beckoning         Tloc           6%         N/A       52%         2
 Wereblood                Tmut           3%         N/A       52%         2
 Gell's Gravitas          Tloc           3%         N/A       75%         3
 Spider Form              Tmut/Pois      3%         N/A       75%         3
 Teleport Other           Tloc           3%         N/A       75%         3


Dungeon Overview and Level Annotations

Branches:
Dungeon (5/15)
 Temple: D:4-7

Altars:
Uskayaw

Shops:
D:1 (


Innate Abilities, Weirdness & Mutations

You have hoof-like feet.
You are partially covered in icy blue scales. (AC +2)
You regenerate a little health from kills.


Message History

Ye hit tha sleepcap but do nay damage.
Ye kick tha sleepcap, but do nay damage.
Tha sleepcap releases spores at ye.
Ye be 'ngulfed in a cloud o' soporific spores!
Ye fall asleep.
Tha sleepcap releases spores at ye!!
Ye wake up.
Ye be 'ngulfed in a cloud o' soporific spores!
Ye be unaffected.
Ye take 20 damage, an' haf 30/50 hp.
MASSIVE DAMAGE!!
Ye hit tha sleepcap.
Ye freeze tha sleepcap.
Tha sleepcap be lightly damaged.
Tha sleepcap releases spores at ye.
Ye hit tha sleepcap.
Ye freeze tha sleepcap.
Ye kick tha sleepcap.
Tha sleepcap be moderately damaged.
Tha sleepcap barely misses ye.
Ye thump tha sleepcap!
Ye freeze tha sleepcap.
Tha sleepcap be severely damaged.
Tha ogre barely misses ye.
Tha sleepcap barely misses ye.
Ye regain'd 2 hp, an' now haf 34/50 hp.
Ye hit tha sleepcap.
Ye freeze tha sleepcap.
Ye kick tha sleepcap.
Tha sleepcap be almost destroyed.
Tha sleepcap releases spores at ye but does nay damage.
Tha ogre barely misses ye.
Tha sleepcap closely misses ye.
Ye thump tha sleepcap!
Ye freeze tha sleepcap.
Ye destroy tha sleepcap!
Tha ogre hits ye wit' a +0 giant club!!
Ouch! Tha re'lly hurt!
* * * LOW HITPOINT WARNIN'
* * * Ye take 30 damage, an' haf 5/50 hp.
MASSIVE DAMAGE!!
Ye hit tha ogre.
Ye freeze tha ogre.
Tha ogre be lightly wounded.
Tha ogre closely misses ye.
Ye regain'd 3 hp, an' now haf 8/50 hp.
Ye hit tha ogre.
Ye freeze tha ogre.
Yer kick misses tha ogre.
Tha ogre be moderately wounded.
Ye regain'd 3 hp, an' now haf 11/50 hp.
Ye barely miss tha ogre.
Tha ogre be moderately wounded.
Tha ogre hits ye wit' a +0 giant club!!
Ye die...

..$##....#
.........#
.......##
.......#
#.....# .
#....# ...
##..<.##....
#....O......
#...@.##....
#.....# ...
#....... .
+.........
#...........
############


You could see an ogre.

Vanquished Creatures
  A black bear (D:4)
  4 wights
  A jelly (D:4)
  A sleepcap (D:5)
  Ijyb (D:4)
  Natasha (thrice) (D:4)
  Robin (D:2)
  3 gnolls (D:2)
  6 adders
  4 dart slugs
  2 orcs
  8 endoplasms
  5 giant cockroaches
  10 goblins
  9 hobgoblins
  2 jackals (D:3)
  4 quokkas
  A ball python (D:1)
  5 bats
  4 frilled lizards
  5 kobolds
  6 rats
86 creatures vanquished.

Notes
Turn   | Place    | Note
-------+----------+-------------------------------------------
     0 | D:1      | ProzacElf the Demonspawn Wanderer began the quest for the
                  | Orb.
     0 | D:1      | ProzacElf set off with the following items: a +1
                  | quarterstaff, a scroll of teleportation, a +0 robe; and the
                  | following spell memorised: Necrotise; and the following
                  | spells available to memorise: Blink, Searing Ray, Teleport
                  | Other.
     0 | D:1      | Reached XP level 1. HP: 16/16 MP: 5/5
   203 | D:1      | Reached skill level 1 in Stealth
   256 | D:1      | Found Bocsyn's Weapon Emporium.
   263 | D:1      | Gained mutation: You are partially covered in icy blue
                  | scales. (AC +2) [demonic ancestry]
   263 | D:1      | Reached XP level 2. HP: 22/22 MP: 7/7
  1301 | D:2      | Gained mutation: You regenerate a little health from kills.
                  | [demonic ancestry]
  1301 | D:2      | Reached XP level 3. HP: 25/27 MP: 8/8
  1451 | D:2      | Reached skill level 2 in Stealth
  1477 | D:2      | Reached skill level 1 in Polearms
  1583 | D:2      | Gained mutation: You have large cloven feet. [demonic
                  | ancestry]
  1583 | D:2      | Reached XP level 4. HP: 25/33 MP: 10/10
  1805 | D:2      | Reached skill level 3 in Stealth
  1805 | D:2      | Noticed Robin
  1813 | D:2      | Killed Robin
  2008 | D:2      | Reached XP level 5. HP: 37/38 MP: 11/11
  2121 | D:3      | Learned a level 2 spell: Blink
  2124 | D:3      | Learned a level 2 spell: Searing Ray
  2467 | D:3      | Found a hide-covered altar of Uskayaw.
  2493 | D:3      | Identified the +1 ring mail "Malew" {Regen+ Int+3}
  2949 | D:3      | Reached skill level 4 in Stealth
  2949 | D:3      | Gained mutation: You have hoof-like feet. [demonic
                  | ancestry]
  2949 | D:3      | Reached XP level 6. HP: 12/41 MP: 12/12
  3045 | D:4      | Noticed Natasha
  3049 | D:4      | Killed Natasha
  3050 | D:4      | Reached skill level 1 in Maces & Flails
  3070 | D:4      | Reached skill level 5 in Stealth
  3070 | D:4      | Reached XP level 7. HP: 50/50 MP: 13/13
  3229 | D:4      | Noticed Natasha
  3239 | D:4      | Killed Natasha
  3343 | D:4      | Noticed Ijyb
  3365 | D:4      | Killed Ijyb
  3573 | D:4      | Noticed Natasha
  3582 | D:4      | Killed Natasha
  3583 | D:4      | Reached skill level 1 in Dodging
  3646 | D:5      | Entered Level 5 of the Dungeon
  3713 | D:5      | Mangled by an ogre

Illustrated notes

Levels and vault maps discovered:
D:1:      psy_arrival_basics, layout_basic, serial_shops, shop_statue,
          nicolae_concentric_dashed_squares_wild, minmay_bisected
D:2:      layout_basic, uniq_robin
D:3:      layout_loops_ring, overflow_temple_1_default,
          mainiacjoe_overflow_paths
D:4:      layout_basic, hangedman_abyss_or_decor_stabs, minmay_misc_feat_rugged,
          hangedman_decor_opposing, uniq_ijyb, uniq_natasha
D:5:      minmay_spotlight, layout_gridville,
          minmay_temple_entry_statues_pillars

Skill      XL: |  1  2  3  4  5  6  7 |
---------------+----------------------+-----
Staves         | 2 |  2.3
Stealth        | 1 2 3 4 5 |  5.0
Polearms       | 1 2 3 |  3.5
Maces & Flails | 2 |  2.8
Dodging        | 1 |  1.2
Fighting       | |  2.0
Armour         | |  1.0
Spellcasting   | |  4.0

Action                     |  1- 3 |  4- 6 |  7- 9 || total
---------------------------+-------+-------+-------++-------
  Melee: Quarterstaff      |    98 |    89 |       ||   187
         Dagger            |       |    46 |       ||    46
         Kick              |       |    26 |     8 ||    34
         Punch             |       |     1 |     1 ||     2
         Flail             |       |     2 |    38 ||    40
    Use: Scroll            |       |       |     3 ||     3
   Stab: Sleeping          |     5 |     2 |     1 ||     8
         Distracted        |     1 |       |       ||     1
 Armour: Robe              |     5 |       |       ||     5
         Leather armour    |    38 |    46 |       ||    84
         Ring mail         |       |    23 |    13 ||    36
  Dodge: Dodged            |    48 |    62 |    19 ||   129

Action                     |  1- 3 |  4- 6 |  7- 9 || total
---------------------------+-------+-------+-------++-------
  Melee: Quarterstaff      |    98 |    89 |       ||   187
         Dagger            |       |    46 |       ||    46
         Kick              |       |    26 |     8 ||    34
         Punch             |       |     1 |     1 ||     2
         Flail             |       |     2 |    38 ||    40
    Use: Scroll            |       |       |     3 ||     3
   Stab: Sleeping          |     5 |     2 |     1 ||     8
         Distracted        |     1 |       |       ||     1
 Armour: Robe              |     5 |       |       ||     5
         Leather armour    |    38 |    46 |       ||    84
         Ring mail         |       |    23 |    13 ||    36
  Dodge: Dodged            |    48 |    62 |    19 ||   129

Levels and vault maps discovered:
D:1:      psy_arrival_basics, layout_basic, serial_shops, shop_statue,
          nicolae_concentric_dashed_squares_wild, minmay_bisected
D:2:      layout_basic, uniq_robin
D:3:      layout_loops_ring, overflow_temple_1_default,
          mainiacjoe_overflow_paths
D:4:      layout_basic, hangedman_abyss_or_decor_stabs, minmay_misc_feat_rugged,
          hangedman_decor_opposing, uniq_ijyb, uniq_natasha
D:5:      minmay_spotlight, layout_gridville,
          minmay_temple_entry_statues_pillars
